 Dungeon Crawl Stone Soup version 0.23-a0-274-g77505739ee (webtiles) character file.

305 Henning the Shield-Bearer (level 6, 0/53 HPs)
             Began as a Gnoll Fighter on Oct 2, 2018.
             Slain by an orc wizard
             ... wielding a +0 dagger
              (1 damage)
             ... on level 3 of the Dungeon.
             The game lasted 00:06:15 (2670 turns).

Henning the Shield-Bearer (Gnoll Fighter)           Turns: 2670, Time: 00:06:16

Health: 0/53       AC:  7    Str: 24    XL:     6   Next: 39%
Magic:  8/8        EV:  9    Int: 10    God:
Gold:   126        SH: 11    Dex: 18    Spells: 8/8 levels left

rFire    . . .     SeeInvis .   a - +0 flail
rCold    . . .     Gourm    .   c - +0 shield
rNeg     . . .     Faith    .   b - +0 scale mail
rPois    .         Spirit   .   (no helmet)
rElec    .         Reflect  .   (no cloak)
rCorr    .         Harm     .   (no gloves)
MR       .....     Rnd*Tele +   (no boots)
Stlth    +.........             (no amulet)
HPRegen  0.17/turn              k - +2 ring of dexterity
MPRegen  0.11/turn              (no ring)

@: mighty
A: distributed training, fangs 1, teleportitis 1, strong nose
a: no special abilities


You were on level 3 of the Dungeon.
You were not hungry.

You visited 1 branch of the dungeon, and saw 4 of its levels.
You also visited: Sewer.

You collected 126 gold pieces.

Inventory:

Hand Weapons
 a - a +0 flail (weapon)
Armour
 b - a +0 scale mail (worn)
 c - a +0 shield (worn)
Jewellery
 k - a +2 ring of dexterity (left hand)
Scrolls
 e - 2 scrolls of magic mapping
 g - a scroll of blinking {unknown}
 i - a scroll of enchant weapon {unknown}
 j - a scroll of remove curse
 l - a scroll of immolation
 m - 2 scrolls of teleportation {unknown}
 o - a scroll of enchant armour {unknown}
 q - 5 scrolls of fear {unknown}
 s - a scroll of fog {unknown}
Potions
 d - a potion of might
 h - 3 potions of curing
 n - a potion of lignification
 p - a potion of cancellation
 u - a potion of haste {unknown}
Comestibles
 f - 11 rations


   Skills:
 + Level 6.8 Fighting
 + Level 1.9 Short Blades
 + Level 1.9 Long Blades
 + Level 1.9 Axes
 + Level 4.9 Maces & Flails
 + Level 1.9 Polearms
 + Level 1.9 Staves
 + Level 1.9 Slings
 + Level 1.9 Bows
 + Level 1.9 Crossbows
 + Level 1.9 Throwing
 + Level 6.8 Armour
 + Level 1.9 Dodging
 + Level 1.9 Stealth
 + Level 6.8 Shields
 + Level 1.9 Unarmed Combat
 + Level 1.9 Spellcasting
 + Level 1.5 Conjurations
 + Level 1.5 Hexes
 + Level 1.5 Charms
 + Level 1.5 Summonings
 + Level 1.5 Necromancy
 + Level 1.5 Translocations
 + Level 1.5 Transmutations
 + Level 1.5 Fire Magic
 + Level 1.5 Ice Magic
 + Level 1.5 Air Magic
 + Level 1.5 Earth Magic
 + Level 1.5 Poison Magic
 + Level 2.1 Invocations
 + Level 1.9 Evocations


You had 8 spell levels left.
You didn't know any spells.
Your spell library was empty.

Dungeon Overview and Level Annotations

Branches:
Dungeon (4/15)
 Temple: D:4-7

Altars:
Ashenzari
Fedhas
Ru
Zin


Innate Abilities, Weirdness & Mutations

Your experience applies equally to all skills.
You have very sharp teeth.
Your uncanny sense of smell can sniff out nearby items.
You are occasionally teleported next to monsters.


Message History

The iguana bites you but does no damage.
You hit the iguana.
The iguana is lightly wounded.
Something hits you but does no damage. The iguana bites you.
* * * LOW HITPOINT WARNING * * *
Your shield and scale mail prevent you from hitting the iguana.
The iguana is lightly wounded.
Something hits you.
* * * LOW HITPOINT WARNING * * *
The iguana bites you.
* * * LOW HITPOINT WARNING * * *
You thump the iguana!
The iguana is severely wounded.
You hear some strange, mumbled words.
A puff of flame appears from out of thin air!
The puff of flame hits you!
* * * LOW HITPOINT WARNING * * *
You block the iguana's attack. Something hits you.
You die...

#..#.#.#.#....#............######
#..#.#.#.#..#.#..................
#..#.#.#.#..#.#...#.....#########
#..#..........#...#.....#
.........#........#.....#
..................#.....#########
..............)>l................
##..##.#.#...###.#########.######
##..##.......###@# #.# #.#
.................# #####^# #.#
.............###.#####.....###.##
##..##...........................
#..##.....#.###.#####.###.###.##
##..##.#####.....................
....##.# #.###.#####.#######.##
##..##.#####..<..................
.............###<#####.###.......


You could see an iguana.

Vanquished Creatures
  An ice beast (D:2)
  An orc priest (D:3)
  3 gnolls (D:3)
  2 river rats (D:3)
  4 adders
  5 oozes
  A worm (D:3)
  2 dart slugs
  5 leopard geckos
  5 giant cockroaches
  5 goblins
  4 hobgoblins
  4 jackals (D:3)
  7 kobolds
  A quokka (D:3)
  5 ball pythons
  6 bats
  11 frilled lizards
  8 rats
80 creatures vanquished.

Notes
Turn   | Place    | Note
-------+----------+-------------------------------------------
     0 | D:1      | Henning the Gnoll Fighter began the quest for the Orb.
     0 | D:1      | Reached XP level 1. HP: 23/23 MP: 1/1
    74 | D:1      | Reached XP level 2. HP: 29/29 MP: 2/2
   248 | D:1      | Reached XP level 3. HP: 27/35 MP: 3/3
   543 | D:1      | Reached skill level 1 in Invocations
   755 | D:2      | Noticed an ice beast
   768 | D:2      | Killed an ice beast
   768 | D:2      | Reached skill level 1 in Short Blades
   768 | D:2      | Reached skill level 1 in Long Blades
   768 | D:2      | Reached skill level 1 in Axes
   768 | D:2      | Reached skill level 1 in Polearms
   768 | D:2      | Reached skill level 1 in Staves
   768 | D:2      | Reached skill level 1 in Slings
   768 | D:2      | Reached skill level 1 in Bows
   768 | D:2      | Reached skill level 1 in Crossbows
   768 | D:2      | Reached skill level 1 in Throwing
   768 | D:2      | Reached skill level 1 in Dodging
   768 | D:2      | Reached skill level 1 in Stealth
   768 | D:2      | Reached skill level 1 in Unarmed Combat
   768 | D:2      | Reached skill level 1 in Spellcasting
   768 | D:2      | Reached skill level 1 in Conjurations
   768 | D:2      | Reached skill level 1 in Hexes
   768 | D:2      | Reached skill level 1 in Charms
   768 | D:2      | Reached skill level 1 in Summonings
   768 | D:2      | Reached skill level 1 in Necromancy
   768 | D:2      | Reached skill level 1 in Translocations
   768 | D:2      | Reached skill level 1 in Transmutations
   768 | D:2      | Reached skill level 1 in Fire Magic
   768 | D:2      | Reached skill level 1 in Ice Magic
   768 | D:2      | Reached skill level 1 in Air Magic
   768 | D:2      | Reached skill level 1 in Earth Magic
   768 | D:2      | Reached skill level 1 in Poison Magic
   768 | D:2      | Reached skill level 1 in Evocations
   768 | D:2      | Reached XP level 4. HP: 28/41 MP: 4/6
   768 | D:2      | Reached XP level 5. HP: 32/47 MP: 4/7
  1450 | D:3      | Gained mutation: You are clumsy. (Dex -2) [potion of
                  | mutation]
  1450 | D:3      | Gained mutation: You are occasionally teleported next to
                  | monsters. [potion of mutation]
  1450 | D:3      | Lost mutation: You are clumsy. (Dex -2) [potion of
                  | mutation]
  1545 | D:3      | Found a blossoming altar of Fedhas.
  1664 | D:3      | Found a shattered altar of Ashenzari.
  1775 | D:3      | Reached XP level 6. HP: 53/53 MP: 8/8
  1806 | D:3      | Found a glowing drain.
  1859 | Sewer    | Entered a sewer
  2298 | D:3      | Found a glowing silver altar of Zin.
  2298 | D:3      | Found a sacrificial altar of Ru.
  2659 | D:3      | HP: 1/53 [iguana (7)]
  2667 | D:3      | HP: 1/53 [something/puff of flame (11)]
  2670 | D:3      | Slain by an orc wizard

Vault maps used:
D:1:      lordsloth_arrival_two_stooges, corexii_corridor_pit
D:2:      first_ration, minmay_tall_x
D:3:      old_standard_altar, gammafunk_temple_overflow_elements,
          portal_sewer_entry_a, lemuel_tele_altar
D:4:      serial_shops, nicolae_shop_waterfront, gammafunk_ghost_split,
          nemelex_diamond_rough_becter
Sewer:    sewer_co_cracked_pipes

Skill      XL: |  1  2  3  4  5  6 |
---------------+-------------------+-----
Invocations    | 1 2 |  2.1
Short Blades   | 1 |  1.9
Long Blades    | 1 |  1.9
Axes           | 1 |  1.9
Polearms       | 1 |  1.9
Staves         | 1 |  1.9
Slings         | 1 |  1.9
Bows           | 1 |  1.9
Crossbows      | 1 |  1.9
Throwing       | 1 |  1.9
Dodging        | 1 |  1.9
Stealth        | 1 |  1.9
Unarmed Combat | 1 |  1.9
Spellcasting   | 1 |  1.9
Conjurations   | 1 |  1.5
Hexes          | 1 |  1.5
Charms         | 1 |  1.5
Summonings     | 1 |  1.5
Necromancy     | 1 |  1.5
Translocations | 1 |  1.5
Transmutations | 1 |  1.5
Fire Magic     | 1 |  1.5
Ice Magic      | 1 |  1.5
Air Magic      | 1 |  1.5
Earth Magic    | 1 |  1.5
Poison Magic   | 1 |  1.5
Evocations     | 1 |  1.9
Fighting       | |  6.8
Maces & Flails | |  4.9
Armour         | |  6.8
Shields        | |  6.8

Action                   |  1- 3 |  4- 6 || total
-------------------------+-------+-------++-------
Melee: Flail             |    99 |   188 ||   287
       Bite              |    13 |    22 ||    35
  Use: Scroll            |       |     8 ||     8
       Potion            |       |     3 ||     3
  Eat: Chunk             |       |     6 ||     6
Armor: Scale mail        |    34 |    79 ||   113
Dodge: Dodged            |    23 |    74 ||    97
Block: Shield            |    66 |   120 ||   186

Table legend:
 A = Non-vault XP
 B = Vault XP
 C = Vault XP percentage of total XP
 D = Non-vault monster count
 E = Vault monster count
 F = Vault count percentage of total count
                 A         B        C        D         E       F
            +---------+---------+-------+---------+---------+-------
      Total |     355 |      81 |  18.6 |      56 |      24 |  30.0
            +---------+---------+-------+---------+---------+-------
        D:1 |      59 |       0 |   0.0 |      26 |       0 |   0.0
        D:2 |     154 |       9 |   5.5 |      10 |       4 |  28.6
        D:3 |     142 |      33 |  18.9 |      20 |       6 |  23.1
      Sewer |       0 |      39 | 100.0 |       0 |      14 | 100.0
            +---------+---------+-------+---------+---------+-------
